%YAML 1.1
%TAG !u! tag:unity3d.com,2011:
--- !u!135 &6476837315500409485
SphereCollider:
  m_ObjectHideFlags: 0
  m_CorrespondingSourceObject: {fileID: 0}
  m_PrefabInstance: {fileID: 0}
  m_PrefabAsset: {fileID: 0}
  m_GameObject: {fileID: 1022788019678729678}
  m_Material: {fileID: 0}
  m_IsTrigger: 0
  m_Enabled: 1
  serializedVersion: 2
  m_Radius: 0.008
  m_Center: {x: 0, y: 0, z: -0.005}
--- !u!135 &864755386234234250
SphereCollider:
  m_ObjectHideFlags: 0
  m_CorrespondingSourceObject: {fileID: 0}
  m_PrefabInstance: {fileID: 0}
  m_PrefabAsset: {fileID: 0}
  m_GameObject: {fileID: 2851240901120984604}
  m_Material: {fileID: 0}
  m_IsTrigger: 0
  m_Enabled: 1
  serializedVersion: 2
  m_Radius: 0.005
  m_Center: {x: 0, y: 0.02, z: 0}
--- !u!135 &4728399487898452904
SphereCollider:
  m_ObjectHideFlags: 0
  m_CorrespondingSourceObject: {fileID: 0}
  m_PrefabInstance: {fileID: 0}
  m_PrefabAsset: {fileID: 0}
  m_GameObject: {fileID: 5600935878330865952}
  m_Material: {fileID: 0}
  m_IsTrigger: 0
  m_Enabled: 1
  serializedVersion: 2
  m_Radius: 0.008
  m_Center: {x: 0, y: 0, z: -0.005}
--- !u!135 &2228762248250720711
SphereCollider:
  m_ObjectHideFlags: 0
  m_CorrespondingSourceObject: {fileID: 0}
  m_PrefabInstance: {fileID: 0}
  m_PrefabAsset: {fileID: 0}
  m_GameObject: {fileID: 4759377893079325644}
  m_Material: {fileID: 0}
  m_IsTrigger: 0
  m_Enabled: 1
  serializedVersion: 2
  m_Radius: 0.005
  m_Center: {x: 0, y: 0.02, z: 0}
--- !u!135 &8301046752411953931
SphereCollider:
  m_ObjectHideFlags: 0
  m_CorrespondingSourceObject: {fileID: 0}
  m_PrefabInstance: {fileID: 0}
  m_PrefabAsset: {fileID: 0}
  m_GameObject: {fileID: 8746375108362076029}
  m_Material: {fileID: 0}
  m_IsTrigger: 0
  m_Enabled: 1
  serializedVersion: 2
  m_Radius: 0.008
  m_Center: {x: 0, y: 0, z: -0.005}
--- !u!135 &4762409259235991680
SphereCollider:
  m_ObjectHideFlags: 0
  m_CorrespondingSourceObject: {fileID: 0}
  m_PrefabInstance: {fileID: 0}
  m_PrefabAsset: {fileID: 0}
  m_GameObject: {fileID: 7302651503858405445}
  m_Material: {fileID: 0}
  m_IsTrigger: 0
  m_Enabled: 1
  serializedVersion: 2
  m_Radius: 0.005
  m_Center: {x: 0, y: 0.015, z: 0}
--- !u!135 &7598955792663738957
SphereCollider:
  m_ObjectHideFlags: 0
  m_CorrespondingSourceObject: {fileID: 0}
  m_PrefabInstance: {fileID: 0}
  m_PrefabAsset: {fileID: 0}
  m_GameObject: {fileID: 1779800977088517189}
  m_Material: {fileID: 0}
  m_IsTrigger: 0
  m_Enabled: 1
  serializedVersion: 2
  m_Radius: 0.008
  m_Center: {x: 0, y: 0, z: -0.005}
--- !u!135 &4967671643702841706
SphereCollider:
  m_ObjectHideFlags: 0
  m_CorrespondingSourceObject: {fileID: 0}
  m_PrefabInstance: {fileID: 0}
  m_PrefabAsset: {fileID: 0}
  m_GameObject: {fileID: 8230009196528118464}
  m_Material: {fileID: 0}
  m_IsTrigger: 0
  m_Enabled: 1
  serializedVersion: 2
  m_Radius: 0.005
  m_Center: {x: 0, y: 0.02, z: 0}
--- !u!135 &2862000843903405460
SphereCollider:
  m_ObjectHideFlags: 0
  m_CorrespondingSourceObject: {fileID: 0}
  m_PrefabInstance: {fileID: 0}
  m_PrefabAsset: {fileID: 0}
  m_GameObject: {fileID: 8502710129641838028}
  m_Material: {fileID: 0}
  m_IsTrigger: 0
  m_Enabled: 1
  serializedVersion: 2
  m_Radius: 0.015
  m_Center: {x: 0.01, y: 0, z: 0}
--- !u!135 &4184143603211385170
SphereCollider:
  m_ObjectHideFlags: 0
  m_CorrespondingSourceObject: {fileID: 0}
  m_PrefabInstance: {fileID: 0}
  m_PrefabAsset: {fileID: 0}
  m_GameObject: {fileID: 1489263654757095526}
  m_Material: {fileID: 0}
  m_IsTrigger: 0
  m_Enabled: 1
  serializedVersion: 2
  m_Radius: 0.005
  m_Center: {x: 0, y: 0.02, z: 0}
--- !u!135 &5895652547672396964
SphereCollider:
  m_ObjectHideFlags: 0
  m_CorrespondingSourceObject: {fileID: 0}
  m_PrefabInstance: {fileID: 0}
  m_PrefabAsset: {fileID: 0}
  m_GameObject: {fileID: 9020701374058707875}
  m_Material: {fileID: 0}
  m_IsTrigger: 0
  m_Enabled: 1
  serializedVersion: 2
  m_Radius: 0.008
  m_Center: {x: 0, y: 0, z: -0.005}
--- !u!135 &552428090032170229
SphereCollider:
  m_ObjectHideFlags: 0
  m_CorrespondingSourceObject: {fileID: 0}
  m_PrefabInstance: {fileID: 0}
  m_PrefabAsset: {fileID: 0}
  m_GameObject: {fileID: 3042227001032444045}
  m_Material: {fileID: 0}
  m_IsTrigger: 0
  m_Enabled: 1
  serializedVersion: 2
  m_Radius: 0.005
  m_Center: {x: 0, y: 0.02, z: 0}
--- !u!135 &8537018207748874274
SphereCollider:
  m_ObjectHideFlags: 0
  m_CorrespondingSourceObject: {fileID: 0}
  m_PrefabInstance: {fileID: 0}
  m_PrefabAsset: {fileID: 0}
  m_GameObject: {fileID: 6222737283661407575}
  m_Material: {fileID: 0}
  m_IsTrigger: 0
  m_Enabled: 1
  serializedVersion: 2
  m_Radius: 0.008
  m_Center: {x: 0, y: 0, z: -0.005}
--- !u!135 &8390415971504255146
SphereCollider:
  m_ObjectHideFlags: 0
  m_CorrespondingSourceObject: {fileID: 0}
  m_PrefabInstance: {fileID: 0}
  m_PrefabAsset: {fileID: 0}
  m_GameObject: {fileID: 6563116902037611687}
  m_Material: {fileID: 0}
  m_IsTrigger: 0
  m_Enabled: 1
  serializedVersion: 2
  m_Radius: 0.005
  m_Center: {x: 0, y: 0.02, z: 0}
--- !u!135 &7846160356921857674
SphereCollider:
  m_ObjectHideFlags: 0
  m_CorrespondingSourceObject: {fileID: 0}
  m_PrefabInstance: {fileID: 0}
  m_PrefabAsset: {fileID: 0}
  m_GameObject: {fileID: 4330096913333319257}
  m_Material: {fileID: 0}
  m_IsTrigger: 0
  m_Enabled: 1
  serializedVersion: 2
  m_Radius: 0.008
  m_Center: {x: 0, y: 0, z: -0.005}
--- !u!135 &8668561146241392287
SphereCollider:
  m_ObjectHideFlags: 0
  m_CorrespondingSourceObject: {fileID: 0}
  m_PrefabInstance: {fileID: 0}
  m_PrefabAsset: {fileID: 0}
  m_GameObject: {fileID: 5289807657143060428}
  m_Material: {fileID: 0}
  m_IsTrigger: 0
  m_Enabled: 1
  serializedVersion: 2
  m_Radius: 0.005
  m_Center: {x: 0, y: 0.015, z: 0}
--- !u!135 &2842262609706070772
SphereCollider:
  m_ObjectHideFlags: 0
  m_CorrespondingSourceObject: {fileID: 0}
  m_PrefabInstance: {fileID: 0}
  m_PrefabAsset: {fileID: 0}
  m_GameObject: {fileID: 5055079230949040705}
  m_Material: {fileID: 0}
  m_IsTrigger: 0
  m_Enabled: 1
  serializedVersion: 2
  m_Radius: 0.008
  m_Center: {x: 0, y: 0, z: -0.005}
--- !u!135 &5336582394500916130
SphereCollider:
  m_ObjectHideFlags: 0
  m_CorrespondingSourceObject: {fileID: 0}
  m_PrefabInstance: {fileID: 0}
  m_PrefabAsset: {fileID: 0}
  m_GameObject: {fileID: 292560750731906189}
  m_Material: {fileID: 0}
  m_IsTrigger: 0
  m_Enabled: 1
  serializedVersion: 2
  m_Radius: 0.005
  m_Center: {x: 0, y: 0.02, z: 0}
--- !u!135 &3187169297946684060
SphereCollider:
  m_ObjectHideFlags: 0
  m_CorrespondingSourceObject: {fileID: 0}
  m_PrefabInstance: {fileID: 0}
  m_PrefabAsset: {fileID: 0}
  m_GameObject: {fileID: 3347762524132648039}
  m_Material: {fileID: 0}
  m_IsTrigger: 0
  m_Enabled: 1
  serializedVersion: 2
  m_Radius: 0.015
  m_Center: {x: 0.01, y: 0, z: 0}
--- !u!135 &5608164632912447302
SphereCollider:
  m_ObjectHideFlags: 0
  m_CorrespondingSourceObject: {fileID: 0}
  m_PrefabInstance: {fileID: 0}
  m_PrefabAsset: {fileID: 0}
  m_GameObject: {fileID: 4828302269988264174}
  m_Material: {fileID: 0}
  m_IsTrigger: 0
  m_Enabled: 1
  serializedVersion: 2
  m_Radius: 0.005
  m_Center: {x: 0, y: 0.02, z: 0}
--- !u!1001 &6805739997480075495
PrefabInstance:
  m_ObjectHideFlags: 0
  serializedVersion: 2
  m_Modification:
    m_TransformParent: {fileID: 0}
    m_Modifications:
    - target: {fileID: -8679921383154817045, guid: 896a06c0f21269b47a431074642a93ee,
        type: 3}
      propertyPath: m_LocalPosition.x
      value: 0
      objectReference: {fileID: 0}
    - target: {fileID: -8679921383154817045, guid: 896a06c0f21269b47a431074642a93ee,
        type: 3}
      propertyPath: m_LocalPosition.y
      value: 0
      objectReference: {fileID: 0}
    - target: {fileID: -8679921383154817045, guid: 896a06c0f21269b47a431074642a93ee,
        type: 3}
      propertyPath: m_LocalPosition.z
      value: 0
      objectReference: {fileID: 0}
    - target: {fileID: -8679921383154817045, guid: 896a06c0f21269b47a431074642a93ee,
        type: 3}
      propertyPath: m_LocalRotation.x
      value: -0
      objectReference: {fileID: 0}
    - target: {fileID: -8679921383154817045, guid: 896a06c0f21269b47a431074642a93ee,
        type: 3}
      propertyPath: m_LocalRotation.y
      value: -0
      objectReference: {fileID: 0}
    - target: {fileID: -8679921383154817045, guid: 896a06c0f21269b47a431074642a93ee,
        type: 3}
      propertyPath: m_LocalRotation.z
      value: -0
      objectReference: {fileID: 0}
    - target: {fileID: -8679921383154817045, guid: 896a06c0f21269b47a431074642a93ee,
        type: 3}
      propertyPath: m_LocalRotation.w
      value: 1
      objectReference: {fileID: 0}
    - target: {fileID: -8679921383154817045, guid: 896a06c0f21269b47a431074642a93ee,
        type: 3}
      propertyPath: m_RootOrder
      value: 0
      objectReference: {fileID: 0}
    - target: {fileID: -8679921383154817045, guid: 896a06c0f21269b47a431074642a93ee,
        type: 3}
      propertyPath: m_LocalEulerAnglesHint.x
      value: 0
      objectReference: {fileID: 0}
    - target: {fileID: -8679921383154817045, guid: 896a06c0f21269b47a431074642a93ee,
        type: 3}
      propertyPath: m_LocalEulerAnglesHint.y
      value: 0
      objectReference: {fileID: 0}
    - target: {fileID: -8679921383154817045, guid: 896a06c0f21269b47a431074642a93ee,
        type: 3}
      propertyPath: m_LocalEulerAnglesHint.z
      value: 0
      objectReference: {fileID: 0}
    - target: {fileID: 919132149155446097, guid: 896a06c0f21269b47a431074642a93ee,
        type: 3}
      propertyPath: m_Name
      value: Haende
      objectReference: {fileID: 0}
    - target: {fileID: 5866666021909216657, guid: 896a06c0f21269b47a431074642a93ee,
        type: 3}
      propertyPath: m_Controller
      value: 
      objectReference: {fileID: 0}
    - target: {fileID: 6128140153830238031, guid: 896a06c0f21269b47a431074642a93ee,
        type: 3}
      propertyPath: m_Materials.Array.data[0]
      value: 
      objectReference: {fileID: 2100000, guid: 4ebda0a4413453e41953c33e797ab90d, type: 2}
    - target: {fileID: 6128140153830238031, guid: 896a06c0f21269b47a431074642a93ee,
        type: 3}
      propertyPath: m_Materials.Array.data[1]
      value: 
      objectReference: {fileID: 2100000, guid: 64669fc411ac7a2419860587e2c16550, type: 2}
    m_RemovedComponents: []
  m_SourcePrefab: {fileID: 100100000, guid: 896a06c0f21269b47a431074642a93ee, type: 3}
--- !u!1 &2851240901120984604 stripped
GameObject:
  m_CorrespondingSourceObject: {fileID: 8783000064035800827, guid: 896a06c0f21269b47a431074642a93ee,
    type: 3}
  m_PrefabInstance: {fileID: 6805739997480075495}
  m_PrefabAsset: {fileID: 0}
--- !u!1 &3042227001032444045 stripped
GameObject:
  m_CorrespondingSourceObject: {fileID: -843596796317677462, guid: 896a06c0f21269b47a431074642a93ee,
    type: 3}
  m_PrefabInstance: {fileID: 6805739997480075495}
  m_PrefabAsset: {fileID: 0}
--- !u!1 &5600935878330865952 stripped
GameObject:
  m_CorrespondingSourceObject: {fileID: -7797879427629508153, guid: 896a06c0f21269b47a431074642a93ee,
    type: 3}
  m_PrefabInstance: {fileID: 6805739997480075495}
  m_PrefabAsset: {fileID: 0}
--- !u!1 &6222737283661407575 stripped
GameObject:
  m_CorrespondingSourceObject: {fileID: 588074821355595184, guid: 896a06c0f21269b47a431074642a93ee,
    type: 3}
  m_PrefabInstance: {fileID: 6805739997480075495}
  m_PrefabAsset: {fileID: 0}
--- !u!1 &4759377893079325644 stripped
GameObject:
  m_CorrespondingSourceObject: {fileID: -7170174250662175957, guid: 896a06c0f21269b47a431074642a93ee,
    type: 3}
  m_PrefabInstance: {fileID: 6805739997480075495}
  m_PrefabAsset: {fileID: 0}
--- !u!1 &6563116902037611687 stripped
GameObject:
  m_CorrespondingSourceObject: {fileID: -8834311545855433664, guid: 896a06c0f21269b47a431074642a93ee,
    type: 3}
  m_PrefabInstance: {fileID: 6805739997480075495}
  m_PrefabAsset: {fileID: 0}
--- !u!1 &8746375108362076029 stripped
GameObject:
  m_CorrespondingSourceObject: {fileID: -6407630878665949286, guid: 896a06c0f21269b47a431074642a93ee,
    type: 3}
  m_PrefabInstance: {fileID: 6805739997480075495}
  m_PrefabAsset: {fileID: 0}
--- !u!1 &4330096913333319257 stripped
GameObject:
  m_CorrespondingSourceObject: {fileID: 7090143880528049854, guid: 896a06c0f21269b47a431074642a93ee,
    type: 3}
  m_PrefabInstance: {fileID: 6805739997480075495}
  m_PrefabAsset: {fileID: 0}
--- !u!1 &7302651503858405445 stripped
GameObject:
  m_CorrespondingSourceObject: {fileID: 4263469183251255458, guid: 896a06c0f21269b47a431074642a93ee,
    type: 3}
  m_PrefabInstance: {fileID: 6805739997480075495}
  m_PrefabAsset: {fileID: 0}
--- !u!1 &5289807657143060428 stripped
GameObject:
  m_CorrespondingSourceObject: {fileID: -7558178780333701333, guid: 896a06c0f21269b47a431074642a93ee,
    type: 3}
  m_PrefabInstance: {fileID: 6805739997480075495}
  m_PrefabAsset: {fileID: 0}
--- !u!1 &1779800977088517189 stripped
GameObject:
  m_CorrespondingSourceObject: {fileID: -4124795919131028318, guid: 896a06c0f21269b47a431074642a93ee,
    type: 3}
  m_PrefabInstance: {fileID: 6805739997480075495}
  m_PrefabAsset: {fileID: 0}
--- !u!1 &5055079230949040705 stripped
GameObject:
  m_CorrespondingSourceObject: {fileID: -7469809598470561114, guid: 896a06c0f21269b47a431074642a93ee,
    type: 3}
  m_PrefabInstance: {fileID: 6805739997480075495}
  m_PrefabAsset: {fileID: 0}
--- !u!1 &8230009196528118464 stripped
GameObject:
  m_CorrespondingSourceObject: {fileID: -6033691301558982105, guid: 896a06c0f21269b47a431074642a93ee,
    type: 3}
  m_PrefabInstance: {fileID: 6805739997480075495}
  m_PrefabAsset: {fileID: 0}
--- !u!1 &292560750731906189 stripped
GameObject:
  m_CorrespondingSourceObject: {fileID: 6520572395163421802, guid: 896a06c0f21269b47a431074642a93ee,
    type: 3}
  m_PrefabInstance: {fileID: 6805739997480075495}
  m_PrefabAsset: {fileID: 0}
--- !u!1 &8502710129641838028 stripped
GameObject:
  m_CorrespondingSourceObject: {fileID: 3138280687469925675, guid: 896a06c0f21269b47a431074642a93ee,
    type: 3}
  m_PrefabInstance: {fileID: 6805739997480075495}
  m_PrefabAsset: {fileID: 0}
--- !u!1 &3347762524132648039 stripped
GameObject:
  m_CorrespondingSourceObject: {fileID: 8072557468925650048, guid: 896a06c0f21269b47a431074642a93ee,
    type: 3}
  m_PrefabInstance: {fileID: 6805739997480075495}
  m_PrefabAsset: {fileID: 0}
--- !u!1 &1489263654757095526 stripped
GameObject:
  m_CorrespondingSourceObject: {fileID: -3830253074043791231, guid: 896a06c0f21269b47a431074642a93ee,
    type: 3}
  m_PrefabInstance: {fileID: 6805739997480075495}
  m_PrefabAsset: {fileID: 0}
--- !u!1 &4828302269988264174 stripped
GameObject:
  m_CorrespondingSourceObject: {fileID: -7101249529148925943, guid: 896a06c0f21269b47a431074642a93ee,
    type: 3}
  m_PrefabInstance: {fileID: 6805739997480075495}
  m_PrefabAsset: {fileID: 0}
--- !u!1 &1022788019678729678 stripped
GameObject:
  m_CorrespondingSourceObject: {fileID: 5783594099572348201, guid: 896a06c0f21269b47a431074642a93ee,
    type: 3}
  m_PrefabInstance: {fileID: 6805739997480075495}
  m_PrefabAsset: {fileID: 0}
--- !u!1 &9020701374058707875 stripped
GameObject:
  m_CorrespondingSourceObject: {fileID: -6675143463004898492, guid: 896a06c0f21269b47a431074642a93ee,
    type: 3}
  m_PrefabInstance: {fileID: 6805739997480075495}
  m_PrefabAsset: {fileID: 0}
